 Dungeon Crawl Stone Soup version 0.29.0-4-gdea44cf6ec (webtiles) character file.

Game seed: 2753036230180392346

635 qw the Chopper (level 7, -10/58 HPs)
             Began as a Barachi Chaos Knight on Sept 4, 2022.
             Mangled by Menkaure (15 damage)
             ... on level 5 of the Dungeon.
             The game lasted 00:02:18 (5471 turns).

qw the Chopper (Barachi Chaos Knight)               Turns: 5471, Time: 00:02:18

Health: -10/58     AC: 10    Str: 18 (19) XL:     7   Next: 50%
Magic:  6/6        EV:  7    Int: 12      God:
Gold:   246        SH:  0    Dex:  8      Spells: 6/6 levels left

rFire   . . .      SeeInvis .   g - +2 hand axe (vamp)
rCold   . . .      Faith    .   (no shield)
rNeg    . . .      Spirit   .   e - +0 chain mail
rPois   .          Reflect  .   k - +1 helmet
rElec   .          Harm     .   (no cloak)
rCorr   .          Rampage  .   m - +2 pair of gloves
Will    .....                   (no boots)
Stlth   ..........              (no amulet)
HPRegen 0.19/turn               i - +6 ring of strength
MPRegen 0.10/turn               (no ring)

@: about to teleport, slow
A: amphibious, slowness 1, strong legs 1, +LOS, hooves 1, clumsy 2, deformed
body, deterioration 1, low MP 1, weak 1, subdued magic 1
a: Hop


You were on level 5 of the Dungeon.
You visited 1 branch of the dungeon, and saw 5 of its levels.

You collected 246 gold pieces.


Innate Abilities, Weirdness & Mutations

You are amphibious.
You cover ground slowly.
You can hop short distances.
You have an extended range of vision and can be seen from far away.
You have large cloven feet.
You are very clumsy. (Dex -4)
Armour fits poorly on your strangely shaped body.
Your body sometimes deteriorates upon taking damage.
Your magical capacity is low. (-10% MP)
You are weak. (Str -2)
Your spells are a little easier to cast, but a little less powerful.


   Skills:
 - Level 6.0 Fighting
 + Level 7.8 Axes
 - Level 0.3 Throwing
 - Level 3.4 Armour
 - Level 1.1 Dodging


You had 6 spell levels left.
You didn't know any spells.
Your spell library was empty.

Inventory:

Hand Weapons
 f - a +0 morningstar
 g - a +2 vampiric hand axe (weapon)
Armour
 e - a +0 chain mail (worn)
 k - a +1 helmet (worn)
 m - a +2 pair of gloves (worn)
Jewellery
 i - a +6 ring of strength (left hand)
Scrolls
 b - a scroll of identify
 d - 3 scrolls of teleportation
Potions
 a - a potion of curing
 j - a potion of might
 l - a potion of haste {unknown}
Miscellaneous
 c - a piece from Xom's chessboard (15/15)

Dungeon Overview and Level Annotations

Branches:
Dungeon (5/15)
 Temple: D:4-7

Altars:
Cheibriados
Dithmenos
Elyvilon
Sif Muna
Uskayaw
Xom

Shops:
D:1 [

Annotations:
D:3 1 runed translucent door, Crazy Yiuf
D:5 Menkaure


Message History

The hound is heavily wounded.
The hound bites you but does no damage. The hound bites you.
You closely miss the hound.
The hound is moderately wounded.
The hound bites you but does no damage.
You slash the hound! You kick the hound, but do no damage.
The hound is almost dead.
The hound bites you. The hound bites you but does no damage.
You barely miss the hound. Your kick misses the hound.
The hound is almost dead.
The hound stops to sniff the ground.
The hound barely misses you.
You miss the hound.
The hound is almost dead.
The hound barely misses you.
You slash the hound!
You kill the hound!
You start resting.
HP restored.
Menkaure, Prince of Dust comes into view.
Found 7 gold pieces.
Menkaure shouts!
Menkaure mumbles some strange words.
Menkaure seems to speed up.
Menkaure gestures at you while chanting.
Pain shoots through your body!
Menkaure points at you and mumbles some strange words.
Pain shoots through your body!
Menkaure calls on the powers of darkness!
Your body is wracked with pain!
Your body deteriorates!
You feel weakened. Menkaure hits you but does no damage. Menkaure hits you!
5470 ||| READING 4 scrolls of teleportation.
As you read the scroll of teleportation, it crumbles to dust.
You feel strangely unstable. Menkaure closely misses you.
You hit Menkaure.
Menkaure is moderately damaged.
Menkaure hits you!
You die...

## .#.. .# ...
..##.. #. ###.
#....#### .##...
....#..#. # #.....
........
..##....######....#
...........##..M.#
..............@..#
...............###
...............#
#......<.....##
#..........###
###.........#
#......#..#..#
#.......##.#.....
##.....###.. .#.#


You could see Menkaure (fast).

Vanquished Creatures
  Sigmund (D:3)
  A necrophage (D:4)
  2 scorpions (D:4)
  A hound (D:5)
  An iguana (D:4)
  Natasha (thrice) (D:3)
  Robin (D:3)
  A gnoll (D:1)
  7 adders
  2 worms (D:2)
  3 dart slugs
  2 orcs (D:4)
  An endoplasm (D:1)
  A giant cockroach (D:4)
  9 goblins
  9 hobgoblins
  6 quokkas
  4 ball pythons
  8 bats
  11 frilled lizards (D:1)
  13 kobolds
  10 rats
97 creatures vanquished.

Vanquished Creatures (others)
  7 plants (D:1)
7 creatures vanquished.

Grand Total: 104 creatures vanquished

Notes
Turn   | Place    | Note
-------+----------+-------------------------------------------
     0 | D:1      | qw the Barachi Chaos Knight began the quest for the Orb.
     0 | D:1      | Reached XP level 1. HP: 18/18 MP: 1/1
     0 | D:1      | 0 ||| qw: Version: 0.1-a-103-gd6f5d3a
     0 | D:1      | 0 ||| qw: Game counter: 5486
     0 | D:1      | 0 ||| qw: Always use a shield: true
     0 | D:1      | 0 ||| qw: God list: Okawaru
     0 | D:1      | 0 ||| qw: Allow faded altars: false
     0 | D:1      | 0 ||| qw: Do Orc after D:15 true
     0 | D:1      | 0 ||| qw: Do second Lair branch before Depths: true
     0 | D:1      | 0 ||| qw: Lair rune preference: random
     0 | D:1      | 0 ||| qw: Plans: Normal
     0 | D:1      | 0 ||| PLANNING D:1-11
     0 | D:1      | Fell from the grace of Xom
   224 | D:1      | Found Garoc's Armour Boutique.
   318 | D:1      | 318 ||| SHOPLISTING +0 leather armour of poison resistance
                  | (60 gold, have 9).
   318 | D:1      | 318 ||| SHOPLISTING +0 ring mail (40 gold, have 9).
   334 | D:1      | Reached XP level 2. HP: 24/24 MP: 2/2
   345 | D:1      | Reached skill level 4 in Axes
   351 | D:1      | 351 ||| DROPPING +0 club.
   680 | D:1      | XOM: god gift: silver boomerang
   792 | D:1      | Reached XP level 3. HP: 27/29 MP: 3/3
   853 | D:1      | 853 ||| Stepping ~*~*~tactically~*~*~ (stealth).
  1118 | D:1      | 1118 ||| UPGRADING to +0 pair of gloves.
  1123 | D:1      | 1123 ||| UPGRADING to +0 ring mail.
  1133 | D:1      | 1133 ||| DROPPING +2 leather armour.
  1134 | D:1      | 1134 ||| UPGRADING to +0 scale mail.
  1144 | D:1      | 1144 ||| DROPPING +0 ring mail.
  1145 | D:1      | 1145 ||| READING scroll labelled PERPHI MUGACW.
  1146 | D:1      | 1146 ||| READING scroll labelled ZURUJO KAHATT.
  1147 | D:1      | 1147 ||| READING 2 scrolls labelled VUETSE ESSODU.
  1148 | D:1      | 1148 ||| READING scroll labelled CULAMI KODUB.
  1149 | D:1      | 1149 ||| READING scroll labelled KOZ DODIBA.
  1150 | D:1      | 1150 ||| READING 3 scrolls labelled VIBOOH RALO.
  1151 | D:1      | 1151 ||| DRINKING 2 bubbling silvery potions.
  1256 | D:1      | 1256 ||| DRINKING 2 fuming clear potions.
  1257 | D:1      | 1257 ||| DRINKING 2 viscous red potions.
  1258 | D:1      | 1258 ||| DROPPING potion of berserk rage.
  1259 | D:1      | 1259 ||| DROPPING potion of brilliance.
  1260 | D:1      | 1260 ||| DROPPING scroll of magic mapping.
  1261 | D:1      | 1261 ||| DROPPING potion of degeneration.
  1262 | D:1      | 1262 ||| DROPPING 2 scrolls of butterflies.
  1325 | D:2      | XOM: 1-stop teleportation journey
  1366 | D:2      | 1366 ||| Stepping ~*~*~tactically~*~*~ (stealth).
  1367 | D:2      | 1367 ||| Stepping ~*~*~tactically~*~*~ (stealth).
  1374 | D:2      | Reached skill level 5 in Axes
  1456 | D:2      | 1456 ||| Stepping ~*~*~tactically~*~*~ (stealth).
  1604 | D:2      | Reached XP level 4. HP: 36/36 MP: 4/4
  2192 | D:2      | 2192 ||| UPGRADING to +0 chain mail.
  2202 | D:2      | 2202 ||| DROPPING +0 scale mail.
  2203 | D:2      | 2203 ||| READING scroll labelled KAR DINGAFFELI.
  2204 | D:2      | 2204 ||| READING scroll labelled LEKKIT BAKKOW.
  2205 | D:2      | 2205 ||| READING scroll labelled KISHUNT MEWU.
  2206 | D:2      | 2206 ||| READING scroll labelled FAPRYA WYSAGAR.
  2258 | D:3      | Found a faded altar of an unknown god.
  2272 | D:3      | 2272 ||| Stepping ~*~*~tactically~*~*~ (stealth).
  2279 | D:3      | 2279 ||| FLEEEEING.
  2280 | D:3      | 2280 ||| FLEEEEING.
  2282 | D:3      | 2282 ||| FLEEEEING.
  2283 | D:3      | 2283 ||| FLEEEEING.
  2284 | D:3      | 2284 ||| FLEEEEING.
  2285 | D:3      | 2285 ||| FLEEEEING.
  2286 | D:3      | 2286 ||| FLEEEEING.
  2287 | D:3      | 2287 ||| FLEEEEING.
  2288 | D:3      | 2288 ||| FLEEEEING.
  2289 | D:3      | 2289 ||| FLEEEEING.
  2290 | D:3      | 2290 ||| FLEEEEING.
  2291 | D:3      | 2291 ||| FLEEEEING.
  2292 | D:3      | 2292 ||| STAIRDANCE
  2293 | D:2      | HP: 9/36 [poisoned by a kobold]
  2298 | D:2      | HP: 4/36 [poisoned by a kobold]
  2585 | D:3      | 2585 ||| Stepping ~*~*~tactically~*~*~ (stealth).
  2602 | D:3      | 2602 ||| Stepping ~*~*~tactically~*~*~ (stealth).
  2608 | D:3      | 2608 ||| Stepping ~*~*~tactically~*~*~ (stealth).
  2609 | D:3      | 2609 ||| Stepping ~*~*~tactically~*~*~ (stealth).
  2704 | D:3      | 2704 ||| READING scroll of enchant weapon.
  2704 | D:3      | 2704 ||| ENCHANTING +1 vampiric hand axe.
  2717 | D:3      | 2717 ||| READING scroll of enchant armour.
  2717 | D:3      | 2717 ||| ENCHANTING +0 pair of gloves.
  2720 | D:3      | 2720 ||| Stepping ~*~*~tactically~*~*~ (stealth).
  2755 | D:3      | Found a shimmering altar of Xom.
  2786 | D:3      | Found a hide-covered altar of Uskayaw.
  2786 | D:3      | Found a snail-covered altar of Cheibriados.
  2787 | D:3      | Found a broken altar of Ashenzari.
  2787 | D:3      | Found a shimmering altar of Xom.
  2787 | D:3      | Found a shadowy altar of Dithmenos.
  2851 | D:3      | 2851 ||| Stepping ~*~*~tactically~*~*~ (hiding).
  2857 | D:3      | Reached skill level 6 in Axes
  2868 | D:3      | Reached XP level 5. HP: 42/42 MP: 5/5
  3037 | D:3      | Noticed Sigmund
  3064 | D:3      | Killed Sigmund
  3065 | D:3      | Reached skill level 6 in Fighting
  3065 | D:3      | Reached XP level 6. HP: 33/52 MP: 6/6
  3190 | D:3      | Noticed Natasha
  3198 | D:3      | Killed Natasha
  3208 | D:3      | Found a white marble altar of Elyvilon.
  3275 | D:3      | Noticed Robin
  3276 | D:3      | 3276 ||| Stepping ~*~*~tactically~*~*~ (stealth).
  3278 | D:3      | 3278 ||| Stepping ~*~*~tactically~*~*~ (hiding).
  3298 | D:3      | Killed Robin
  3309 | D:3      | 3309 ||| READING scroll of enchant armour.
  3309 | D:3      | 3309 ||| ENCHANTING +1 pair of gloves.
  3422 | D:3      | Noticed Natasha
  3423 | D:3      | 3423 ||| Stepping ~*~*~tactically~*~*~ (stealth).
  3438 | D:3      | Killed Natasha
  3509 | D:3      | Noticed Natasha
  3518 | D:3      | Killed Natasha
  3690 | D:3      | XOM: give mutations
  3690 | D:3      | Gained mutation: You occasionally lose the ability to drink
                  | potions when taking damage. [Xom's mischief]
  3690 | D:3      | Gained mutation: You are clumsy. (Dex -2) [Xom's mischief]
  3690 | D:3      | Gained mutation: You have large cloven feet. [Xom's
                  | mischief]
  3837 | D:3      | Found a runed translucent door.
  3838 | D:3      | Noticed Crazy Yiuf
  3841 | D:3      | 3841 ||| UPGRADING to +0 helmet.
  3846 | D:3      | 3846 ||| READING scroll of enchant armour.
  3846 | D:3      | 3846 ||| ENCHANTING +0 helmet.
  3847 | D:3      | 3847 ||| READING 4 scrolls of identify.
  3847 | D:3      | 3847 ||| IDENTIFYING clear potion
  3848 | D:3      | 3848 ||| READING 3 scrolls of identify.
  3848 | D:3      | 3848 ||| IDENTIFYING glowing dark potion
  3849 | D:3      | 3849 ||| READING 2 scrolls of identify.
  3849 | D:3      | 3849 ||| IDENTIFYING fuming ruby potion
  3850 | D:3      | 3850 ||| DROPPING potion of ambrosia.
  3851 | D:3      | 3851 ||| DROPPING potion of magic.
  3894 | D:4      | XOM: give mutations
  3894 | D:4      | Gained mutation: You are weak. (Str -2) [Xom's mischief]
  3894 | D:4      | Lost mutation: You occasionally lose the ability to drink
                  | potions when taking damage. [Xom's mischief]
  3894 | D:4      | Gained mutation: Your body sometimes deteriorates upon
                  | taking damage. [Xom's mischief]
  3894 | D:4      | Gained mutation: You are very clumsy. (Dex -4) [Xom's
                  | mischief]
  3895 | D:4      | 3895 ||| STAIRDANCE
  4090 | D:4      | Reached skill level 3 in Armour
  4198 | D:4      | Reached XP level 7. HP: 58/58 MP: 7/7
  4202 | D:4      | 4202 ||| DROPPING +0 whip.
  4223 | D:4      | XOM: summons 2 hostile demons
  4406 | D:4      | Found a shimmering blue altar of Sif Muna.
  4579 | D:4      | Reached skill level 7 in Axes
  4691 | D:4      | XOM: summons 1 hostile demon
  4692 | D:4      | Noticed a neqoxec
  4699 | D:4      | Gained mutation: Your spells are a little easier to cast,
                  | but a little less powerful. [a neqoxec]
  4709 | D:4      | Gained mutation: Your magical capacity is low. (-10% MP) [a
                  | neqoxec]
  4714 | D:4      | Gained mutation: Armour fits poorly on your strangely
                  | shaped body. [a neqoxec]
  4758 | D:4      | XOM: torment (18/58 hp)
  5019 | D:4      | HP: 13/58 [poisoned by a scorpion]
  5024 | D:4      | HP: 9/58 [poisoned by a scorpion]
  5423 | D:4      | Found a snail-covered altar of Cheibriados.
  5424 | D:4      | 5424 ||| UPGRADING to +6 ring of strength.
  5425 | D:4      | 5425 ||| READING 3 scrolls of identify.
  5425 | D:4      | 5425 ||| IDENTIFYING metallic black potion
  5426 | D:4      | 5426 ||| READING 2 scrolls of identify.
  5426 | D:4      | 5426 ||| IDENTIFYING sedimented puce potion
  5427 | D:4      | 5427 ||| DROPPING potion of lignification.
  5447 | D:5      | Entered Level 5 of the Dungeon
  5464 | D:5      | Noticed Menkaure
  5469 | D:5      | HP: 5/58 [Menkaure (17)]
  5470 | D:5      | 5470 ||| READING 4 scrolls of teleportation.
  5471 | D:5      | Mangled by Menkaure

Levels and vault maps discovered:
D:1:      erik_arrival_orb_chamber, layout_basic, serial_shops, shop,
          minmay_lizard_king
D:2:      layout_basic, minivault_14, kennysheep_generic_room_14
D:3:      layout_loops_ring, doesnt_xom_only_xom, lemuel_crystal_altar,
          hellmonk_ecumenical_altar_heavens_door, grunt_decor_mini_mirrors,
          hangedman_decor_opposing, uniq_natasha, uniq_sigmund, uniq_robin,
          uniq_crazy_yiuf_cottage
D:4:      layout_basic, nicolae_sif_muna_condensation, marbit_many_paths
D:5:      layout_cave_pools, grunt_dithmenos_shadows, grunt_ashenzari_visionary
          [grunt_ashenzari_visionary_swamp, grunt_ashenzari_visionary_snake],
          dk_vineyard_2, minmay_circle_x, uniq_edmund, uniq_ijyb, uniq_menkaure

Skill      XL: |  1  2  3  4  5  6  7 |
---------------+----------------------+-----
Axes           | 4 5 6 7 |  7.8
Fighting       | 6 |  6.0
Armour         | 3 |  3.4
Throwing       | |  0.3
Dodging        | |  1.1

Action                   |  1- 3 |  4- 6 |  7- 9 || total
-------------------------+-------+-------+-------++-------
Melee: Hand axe          |   112 |   175 |    85 ||   372
       Punch             |     1 |     2 |     2 ||     5
       Kick              |       |     4 |    21 ||    25
Throw: Boomerang         |    20 |       |       ||    20
Invok: Renounce Religion |     1 |       |       ||     1
  Use: Scroll            |     6 |    11 |     3 ||    20
       Potion            |     3 |       |       ||     3
 Stab: Sleeping          |     1 |       |       ||     1
Armor: Leather armour    |    31 |       |       ||    31
       Scale mail        |     7 |    11 |       ||    18
       Chain mail        |       |    78 |    28 ||   106
Dodge: Dodged            |    47 |    54 |    14 ||   115

Table legend:
 A = Non-vault XP
 B = Vault XP
 C = Vault XP percentage of total XP
 D = Non-vault monster count
 E = Vault monster count
 F = Vault count percentage of total count
                 A         B        C        D         E       F
            +---------+---------+-------+---------+---------+-------
      Total |     582 |     326 |  35.9 |      77 |      20 |  20.6
            +---------+---------+-------+---------+---------+-------
        D:1 |      44 |       9 |  17.0 |      23 |       9 |  28.1
        D:2 |      46 |       2 |   4.2 |      17 |       1 |   5.6
        D:3 |     155 |     275 |  64.0 |      22 |       9 |  29.0
        D:4 |     295 |      40 |  11.9 |      14 |       1 |   6.7
        D:5 |      42 |       0 |   0.0 |       1 |       0 |   0.0
            +---------+---------+-------+---------+---------+-------
